 Dungeon Sprint DCSS version 0.21.1-1-g345015f (webtiles) character file.

2700000 Fang the Ninja (level 19, -12/207 HPs)
             Began as a Minotaur Assassin on May 3, 2018.
             Was an Elder of Makhleb.
             Killed from afar by a large bag of meat (35 damage)
             ... with an exploding inner flame
             ... in the Dungeon (Sprint VIII: "Arena of Blood").
             The game lasted 00:00:32 (27 turns).

Fang the Ninja (Minotaur Assassin)                    Turns: 27, Time: 00:00:33

Health: -12/207    AC:  3    Str: 23    XL:     19   Next: 31%
Magic:  18/18      EV: 30    Int:  8    God:    Makhleb [****..]
Gold:   0          SH:  0    Dex: 13    Spells: 18/18 levels left

rFire    . . .     SeeInvis .   n - +∞ Axe of Woe
rCold    . . .     Gourm    .   (shield currently unavailable)
rNeg     . . .     Faith    .   c - +0 robe
rPois    .         Spirit   .   (helmet restricted)
rElec    .         Reflect  .   d - +0 cloak
rCorr    .         Harm     .   (no gloves)
MR       +....     NoTele   +   (no boots)
Stlth    +++++++++.             (no amulet)
HPRegen  0.44/turn              (no ring)
MPRegen  0.16/turn              (no ring)

@: no status effects
A: retaliatory headbutt, horns 2
a: Minor Destruction, Lesser Servant of Makhleb, Major Destruction, Renounce
Religion


You were in the Dungeon.
You worshipped Makhleb.
Makhleb was greatly pleased with you.
You were not hungry.

You visited 1 branch

Inventory:

Hand Weapons
 a - a +2 dagger
 b - a +0 blowgun
 n - the +∞ Axe of Woe (weapon)
   (You found it in the Dungeon)
Missiles
 e - 8 poisoned needles
 f - 2 curare-tipped needles
Armour
 c - a +0 robe (worn)
 d - a +0 cloak (worn)
Scrolls
 m - a scroll of blinking
Potions
 h - a potion of curing
 i - a potion of heal wounds
 j - a potion of haste
 k - 2 potions of magic
 l - a potion of berserk rage
Comestibles
 g - a ration


   Skills:
 O Level 27 Fighting
 O Level 27 Short Blades
 O Level 27 Axes
 O Level 27 Throwing
 O Level 27 Dodging
 O Level 27 Stealth


You had 18 spell levels left.
You didn't know any spells.

Dungeon Overview and Level Annotations

Branches:
Dungeon (1/1)

Altars:
Makhleb


Innate Abilities, Weirdness & Mutations

You reflexively headbutt those who attack you in melee.
You have a pair of horns on your head.


Message History

Press < or > to pray at altars.
A meat berserker comes into view. It is wielding a +9 battleaxe.
You hear a shout! x9
The meat berserker hits you with a +9 battleaxe!!!!
You hear a shout!
The large bag of meat closely misses you.
You furiously retaliate!
You headbutt the large bag of meat!
The large bag of meat hits you with a +9 giant spiked club!!!!
Ouch! That really hurt!
* * * LOW HITPOINT WARNING * * *
You hear a shout! x2
An orc and an ogre come into view.
Things that are here:
a +9 war axe; a +30 ring of slaying You dice the large bag of meat like an onion!!!!
You slaughter the large bag of meat joyfully.
The large bag of meat explodes!
The fiery explosion engulfs the meat berserker.
The fiery explosion engulfs you!
You die...

...........
...§.....
#.......# .
#.......# O.
..###...
...###...
......###)...O.oo
......._.)).O....
..#.§.oO#......
#_O<@_# .....
#.§§§.# O...
......_oo.......
......###........
..###...
...###.o. . #...
...# . #... .oO#
.........


You could see a large bag of meat (inner flame), 4 meat berserkers and 5 bags of
meat.

Vanquished Creatures
  2 vampire knights (D)
  6 ogres (D)
  4 orcs (D)
12 creatures vanquished.

Notes
Turn   | Place    | Note
-------+----------+-------------------------------------------
     0 | D        | Found the +∞ Axe of Woe
     0 | D        | Fang the Minotaur Assassin began the quest for the Orb.
     0 | D        | Reached XP level 1. HP: 18/18 MP: 0/0
     4 | D        | Became a worshipper of Makhleb the Destroyer
     5 | D        | Noticed a bag of meat
    12 | D        | Noticed a bag of meat
    13 | D        | Noticed a bag of meat
    15 | D        | Noticed a bag of meat
    16 | D        | Killed a bag of meat
    16 | D        | Reached skill level 10 in Short Blades
    16 | D        | Reached XP level 2. HP: 40/40 MP: 1/1
    16 | D        | Reached XP level 3. HP: 47/47 MP: 2/2
    16 | D        | Reached XP level 4. HP: 55/55 MP: 3/3
    16 | D        | Reached XP level 5. HP: 61/61 MP: 4/4
    16 | D        | Reached XP level 6. HP: 68/68 MP: 5/5
    16 | D        | Reached XP level 7. HP: 74/74 MP: 6/6
    16 | D        | Reached XP level 8. HP: 82/82 MP: 7/7
    16 | D        | Reached XP level 9. HP: 89/89 MP: 8/8
    16 | D        | Reached XP level 10. HP: 96/96 MP: 9/9
    16 | D        | Reached XP level 11. HP: 103/103 MP: 10/10
    17 | D        | Noticed a meat berserker
    17 | D        | Noticed a meat berserker
    17 | D        | Killed a meat berserker
    17 | D        | Reached * piety under Makhleb
    17 | D        | Reached XP level 12. HP: 118/118 MP: 11/11
    17 | D        | Reached XP level 13. HP: 125/125 MP: 12/12
    18 | D        | Noticed a meat berserker
    18 | D        | Killed a bag of meat
    18 | D        | Reached skill level 15 in Fighting
    18 | D        | Reached skill level 10 in Axes
    18 | D        | Reached XP level 14. HP: 82/135 MP: 13/13
    19 | D        | Noticed a meat berserker
    19 | D        | Noticed a meat berserker
    19 | D        | Noticed a bag of meat
    19 | D        | Noticed a bag of meat
    20 | D        | Noticed a destroyer
    20 | D        | Killed a meat berserker
    20 | D        | Reached skill level 15 in Throwing
    20 | D        | Reached skill level 27 in Stealth
    20 | D        | Reached XP level 15. HP: 60/152 MP: 14/14
    20 | D        | Reached ** piety under Makhleb
    21 | D        | Noticed a meat berserker
    21 | D        | Noticed a meat berserker
    21 | D        | Noticed a meat berserker
    21 | D        | Noticed a large bag of meat
    21 | D        | Noticed a destroyer
    21 | D        | Killed a meat berserker
    21 | D        | Reached XP level 16. HP: 121/172 MP: 15/15
    21 | D        | Killed a meat berserker
    21 | D        | Killed a destroyer
    21 | D        | Reached *** piety under Makhleb
    21 | D        | Reached skill level 27 in Fighting
    21 | D        | Reached XP level 17. HP: 135/191 MP: 16/16
    23 | D        | Killed a meat berserker
    23 | D        | Reached skill level 27 in Axes
    23 | D        | Reached skill level 15 in Dodging
    23 | D        | Reached XP level 18. HP: 142/200 MP: 17/17
    23 | D        | Killed a destroyer
    23 | D        | Reached skill level 27 in Short Blades
    23 | D        | Reached skill level 27 in Throwing
    24 | D        | Noticed a meat berserker
    24 | D        | Noticed a large bag of meat
    25 | D        | Noticed a large bag of meat
    25 | D        | Noticed a meat berserker
    25 | D        | Reached **** piety under Makhleb
    25 | D        | Killed a meat berserker
    25 | D        | Reached skill level 27 in Dodging
    25 | D        | Reached XP level 19. HP: 207/207 MP: 18/18
    26 | D        | Noticed a meat berserker
    27 | D        | Noticed a meat berserker
    27 | D        | Killed a large bag of meat
    27 | D        | Killed from afar by a large bag of meat

Skill      XL: |  1  2  3  4  5  6  7  8  9 10 11 12 13 14 15 16 17 18 |
---------------+-------------------------------------------------------+-----
Fighting       | 11 14 15 19 23 27 | 27.0
Short Blades   | 10 12 13 16 20 23 26 27 | 27.0
Axes           | 6 9 10 14 19 25 27 | 27.0
Throwing       | 9 11 12 15 18 21 23 27 | 27.0
Dodging        | 3 4 6 9 13 15 27 | 27.0
Stealth        | 20 25 26 27 | 27.0

Action                   |  1- 3 |  4- 6 |  7- 9 | 10-12 | 13-15 | 16-18 | 19-21 || total
-------------------------+-------+-------+-------+-------+-------+-------+-------++-------
Melee: Executioner's axe |     1 |       |       |     1 |     3 |     2 |     1 ||     8
Dodge: Dodged            |       |       |       |       |       |       |     1 ||     1
